 Dungeon Crawl Stone Soup version 0.31-a0-662-g684573625c (webtiles) character file.

Game seed: 7820026596205589825

4143 kae the Arsonist (level 10, -6/59 HPs)
             Began as a Tengu Fire Elementalist on Aug 31, 2023.
             Was an Initiate of Ashenzari.
             Mangled by a wraith (13 damage)
             ... on level 10 of the Dungeon.
             The game lasted 00:09:03 (10443 turns).

kae the Arsonist (Tengu Fire Elementalist)         Turns: 10443, Time: 00:09:04

Health: -6/59      AC:  5    Str:  9    XL:     10   Next: 27%
Magic:  2/18       EV: 16    Int: 20    God:    Ashenzari [......]
Gold:   189        SH:  0    Dex: 14    Spells: 6/19 levels left

rFire   + . .        c - +1 spear "Overhang to Understand" {Dev, Bglg} (curse)
rCold   . . .        (no shield)
rNeg    . . .        u - +0 steam dragon scales
rPois   .            (helmet restricted)
rElec   .            (no cloak)
rCorr   .            (no gloves)
SInv    +            (boots unavailable)
Will    .....        (no amulet)
Stlth   ++           F - ring of protection from fire
HPRegen 0.29/turn    v - ring of see invisible
MPRegen 0.16/turn

%: acrobat
@: flying, slowed, very slow
A: beak, talons 3, evasive flight, acrobatic
a: Renounce Religion, Curse Item, Shatter the Chains


You were on level 10 of the Dungeon.
You worshipped Ashenzari.
Ashenzari was noncommittal.
You visited 2 branches of the dungeon, and saw 11 of its levels.
You also visited: Sewer.

You collected 525 gold pieces.
You spent 336 gold pieces at shops.


Innate Abilities, Weirdness & Mutations

You have a beak for a mouth.
You have claws for feet.
Your magical flight helps you evade attacks. (EV +4)
You can magically evade attacks while moving or waiting.


   Skills:
 - Level 5.0 Fighting
 - Level 2.1 Dodging
 - Level 2.0 Stealth
 - Level 5.0 Spellcasting
 - Level 5.0(5.3) Conjurations
 - Level 4.0(4.3) Hexes
 + Level 12.2 Fire Magic


You had 6 spell levels left.
You knew the following spells:

 Your Spells              Type           Power      Damage    Failure   Level
a - Foxfire               Conj/Fire      100%       2x1d9     1%          1
b - Scorch                Fire           100%       2d9       1%          2
c - Inner Flame           Hex/Fire       38%        N/A       1%          3
d - Volatile Blastmotes   Fire/Tloc      58%        2d14      2%          3
e - Flame Wave            Conj/Fire      40%        2d11      3%          4

Your spell library contained the following spells:

 Spells                   Type           Power      Damage    Failure   Level
 Freeze                   Ice            20%        1d4       12%         1
 Summon Small Mammal      Summ           20%        N/A       12%         1
 Hailstorm                Conj/Ice       15%        3d5       12%         3
 Summon Guardian Golem    Hex/Summ       13%        N/A       14%         3
 Call Canine Familiar     Summ           5%         N/A       34%         3
 Frozen Ramparts          Ice            10%        1d2       34%         3
 Gell's Gravitas          Tloc           5%         N/A       34%         3
 Teleport Other           Tloc           5%         N/A       34%         3
 Dispersal                Tloc           2%         N/A       100%        6
 Summon Cactus Giant      Summ           2%         N/A       100%        6
 Haunt                    Necr/Summ      2%         N/A       100%        7
 Borgnjor's Revivificati  Necr           2%         N/A       100%        8
 Death's Door             Necr           2%         N/A       100%        9

Inventory:

Hand Weapons
 c - the cursed +1 spear "Overhang to Understand" (weapon) {Dev, Bglg}
   (You found it on level 1 of the Dungeon)

   It has a curse which improves the following skills: Devices: Evocations and
   Shapeshifting.
   Beguiling: Conjurations, Hexes and Translocations.
Missiles
 d - 87 stones
 i - 13 boomerangs
 l - a throwing net {=f!f}
 r - 3 silver javelins
 s - a curare-tipped dart {=f}
 w - 6 javelins
Armour
 a - a +1 robe
 u - +0 steam dragon scales (worn)
   (You found it on level 6 of the Dungeon)
Magical Staves
 o - a staff of poison {!a}
   (You found it on level 4 of the Dungeon)
 y - a staff of earth {!a}
   (You bought it in a shop on level 7 of the Dungeon)
 A - a staff of cold {!a}
   (You found it on level 7 of the Dungeon)
Jewellery
 v - a ring of see invisible (right hand)
   (You found it in a sewer)
 D - a +6 ring of dexterity
   (You found it on level 3 of the Dungeon)
 F - a ring of protection from fire (left hand)
   (You found it on level 1 of the Dungeon)
Wands
 q - a wand of charming (21)
   (You found it on level 6 of the Dungeon)
 C - a wand of mindburst (15)
   (You found it on level 8 of the Dungeon)
Scrolls
 e - 4 scrolls of teleportation {@r4}
 g - 3 scrolls of revelation
 h - 4 scrolls of identify {@r1}
 m - 3 scrolls of poison {!r}
 p - 3 scrolls of enchant armour
 B - a scroll of immolation {!r!r}
Potions
 b - 3 potions of magic
 f - a potion of resistance
 j - a potion of brilliance
 k - a potion of lignification {!q}
 n - 2 potions of enlightenment
 x - a potion of haste {@q3}
 z - a potion of mutation {!q}
 E - a potion of ambrosia

Dungeon Overview and Level Annotations

Branches:
Dungeon (10/15) Zot: 26677  Temple (1/1) D:4 Zot: 5916   Sewer (visited)
   Lair: D:8-11         Orc: D:9-12

Altars:
Ashenzari
Cheibriados
Elyvilon
Fedhas
Gozag
Hepliaklqana
Kikubaaqudgha
Makhleb
Nemelex Xobeh
Okawaru
Qazlal
Ru
Sif Muna
Trog
Uskayaw
Vehumet
Xom
Yredelemnul
Zin
The Shining One

Shops:
D:4 [(   D:7 !:*[[

Annotations:
D:7 2 transporters

..#)#.# #.#.# #.....#
#.#''†####.#.#.# #.###.#
...........#†#.###.# #.#
'†#.#.######.#.....###.#
#.#..............#.....#
..##..#........#.#....##
#####.#........#...##.#
......#........###.##.#
#######........#@W.##.#
##.......######.#
#.....#.# #.. #.#...#.#
###


You could see a wraith.


Message History

You feel as though you will be slow longer.
The wraith hits you.
* * * LOW HITPOINT WARNING * * *
The wraith drains your vigour!
You feel as though you will be slow longer.
The wraith completely misses you. 😨 HP[-9] MP[-2]
You take 9 damage, and now have 27/59 hp.
You lost 2 mp, and now have 0/18 mp.
Unknown command.
You hit the wraith but do no damage. Your peck misses the wraith.
The wraith closely misses you. The wraith hits you.
* * * LOW HITPOINT WARNING * * *
The wraith drains your vigour!
You feel as though you will be slow longer. 😨 HP[-6] MP[+1]
You take 6 damage, and now have 21/59 hp.
Unknown command.
You hit the wraith but do no damage. You claw the wraith, but do no damage.
The wraith hits you.
* * * LOW HITPOINT WARNING * * *
The wraith hits you!
* * * LOW HITPOINT WARNING * * *
The wraith drains your vigour!
You feel as though you will be slow longer. 😱 HP[-7]
You take 7 damage, and now have 14/59 hp.
You hit the wraith but do no damage. You claw the wraith. The wraith hits you.
* * * LOW HITPOINT WARNING * * *
😱 HP[-2]
You take 2 damage, and now have 12/59 hp.
Casting: Scorch (safe; 1% risk of failure)
Confirm with . or Enter, or press ? or * to list all spells.
You don't have enough magic to cast this spell.
You hit the wraith but do no damage. Your kick misses the wraith.
The wraith closely misses you. The wraith hits you.
* * * LOW HITPOINT WARNING * * *
The wraith drains your vigour!
You feel as though you will be slow longer. 😱 HP[-5]
You take 5 damage, and now have 7/59 hp.
You hit the wraith but do no damage. Your kick misses the wraith.
The wraith is no longer more vulnerable to fire.
The wraith barely misses you.
The wraith misses you. 😱 MP[+1] Unknown command.
Casting: Scorch (safe; 1% risk of failure)
Confirm with . or Enter, or press ? or * to list all spells.
Flames lash the wraith but do no damage.
The wraith misses you. The wraith completely misses you. The wraith hits you.
* * * LOW HITPOINT WARNING * * *
The wraith drains your vigour!
You feel as though you will be slow longer. 😱 HP[-4] MP[-2]
You take 4 damage, and now have 3/59 hp.
You lost 2 mp, and now have 0/18 mp.
Unknown command.
You feel much better. The wraith hits you.
* * * LOW HITPOINT WARNING * * *
The wraith drains your vigour!
You feel as though you will be slow longer. 😨 HP[+25]
You regained 25 hp, and now have 28/59 hp.
You hit the wraith but do no damage. The wraith hits you.
* * * LOW HITPOINT WARNING * * *
The wraith drains your vigour!
You feel as though you will be slow longer.
The wraith hits you.
* * * LOW HITPOINT WARNING * * *
The wraith drains your vigour!
You feel as though you will be slow longer. 😨 HP[-7] MP[+1]
You take 7 damage, and now have 21/59 hp.
You hit the wraith but do no damage. You claw the wraith.
The wraith hits you but does no damage. 😨 HP[+1]
You hit the wraith but do no damage. You claw the wraith, but do no damage.
You peck the wraith, but do no damage. The wraith hits you.
* * * LOW HITPOINT WARNING * * *
The wraith completely misses you. 😨 HP[-3]
You take 3 damage, and now have 19/59 hp.
You hit the wraith but do no damage. You claw the wraith, but do no damage.
The wraith closely misses you. The wraith hits you!
* * * LOW HITPOINT WARNING * * *
The wraith drains your vigour!
You feel as though you will be slow longer. 😱 HP[-8]
You take 8 damage, and now have 11/59 hp.
You hit the wraith but do no damage. You claw the wraith, but do no damage.
You peck the wraith, but do no damage. The wraith hits you.
* * * LOW HITPOINT WARNING * * *
The wraith drains your vigour!
You feel as though you will be slow longer. 😱 HP[-5] MP[+1]
You take 5 damage, and now have 6/59 hp.
You barely miss the wraith. You claw the wraith, but do no damage.
Your punch misses the wraith. The wraith hits you!
You die...

Skill      XL: |  1  2  3  4  5  6  7  8  9 10 |
---------------+-------------------------------+-----
Conjurations   | 2 3 4 5 |  5.0
Fire Magic     | 4 5 6 11 12 | 12.2
Spellcasting   | 3 4 5 |  5.0
Fighting       | 4 5 |  5.0
Hexes          | 4 |  4.0
Dodging        | |  2.1
Stealth        | |  2.0

Action                     |  1- 3 |  4- 6 |  7- 9 | 10-12 || total
---------------------------+-------+-------+-------+-------++-------
  Melee: Spear             |     1 |     5 |    22 |    16 ||    44
         Kick              |       |     1 |     5 |    10 ||    16
         Peck              |       |       |     2 |     4 ||     6
   Cast: Foxfire           |    76 |   131 |   149 |     9 ||   365
         Scorch            |     6 |    10 |    74 |     9 ||    99
         Inner Flame       |       |       |     5 |     1 ||     6
         Volatile Blastmot |       |       |     7 |     1 ||     8
         Flame Wave        |       |       |     2 |     3 ||     5
 Invoke: Curse Item        |       |       |     1 |       ||     1
  Evoke: Wand              |       |       |     2 |       ||     2
    Use: Scroll            |       |    12 |     7 |       ||    19
         Potion            |       |       |     4 |     1 ||     5
 Armour: Robe              |     7 |    15 |    25 |       ||    47
         Steam dragon scal |       |       |    69 |    29 ||    98
  Dodge: Dodged            |     8 |    25 |   195 |    36 ||   264

Levels and vault maps discovered:
D:1:      dpeg_arrival_line_fractal, layout_basic,
          hellmonk_ecumenical_altar_defaced_shrine, serial_bayou_pond_d,
          minmay_pentomino_t2
D:2:      minmay_skewed_foursquare, layout_basic, basic_altar,
          minmay_misc_feat_square
D:3:      layout_rooms, portal_sewer_entry_f, hangedman_decor_push
D:4:      layout_rooms, mainiacjoe_overflow_catwalk,
          minmay_temple_entry_butterflies, serial_shops, shop,
          hangedman_decor_slide_cut, nicolae_shop_firing_range
D:5:      layout_basic, mainiacjoe_overflow_boulevard, minitemple
D:6:      layout_rooms, lemuel_tele_altar
D:7:      layout_rooms, serial_shops, nicolae_shop_crystal,
          nicolae_take_the_stairs, nicolae_shop_rolling_square,
          kennysheep_little_box, nicolae_shop_drivethru, uniq_menkaure
D:8:      layout_layer_cave, dreamdust_mushroom_princess, nicolae_grassy_gnolls
D:9:      layout_basic, mainiacjoe_overflow_divided_tiny
D:10:     layout_basic, due_lair_maze_entry_diamond, minmay_holes, eino_jars
Temple:   minmay_temple_curvy_loop

Notes
Turn   | Place    | Note
-------+----------+-------------------------------------------
     0 | D:1      | kae the Tengu Fire Elementalist began the quest for the
                  | Orb.
     0 | D:1      | Reached XP level 1. HP: 10/10 MP: 4/4
     0 | D:1      | magus.rc [v1.11.3]
   172 | D:1      | You add the spells Haunt, Borgnjor's Revivification and
                  | Death's Door to your library.
   284 | D:1      | Reached XP level 2. HP: 15/15 MP: 4/6
   619 | D:1      | Reached skill level 2 in Conjurations
   924 | D:1      | Reached skill level 4 in Fire Magic
   924 | D:1      | Reached XP level 3. HP: 13/19 MP: 3/7
   927 | D:1      | Learned a level 2 spell: Scorch
   931 | D:1      | Learned a level 3 spell: Inner Flame
  1227 | D:1      | Found a faded altar of an unknown god.
  1740 | D:2      | Reached XP level 4. HP: 19/24 MP: 0/8
  2307 | D:2      | Found a stormy altar of Qazlal.
  2492 | D:2      | Reached skill level 3 in Conjurations
  2848 | D:3      | Found a glowing drain.
  2926 | Sewer    | Entered a sewer
  2936 | Sewer    | Reached XP level 5. HP: 28/28 MP: 7/10
  3002 | Sewer    | Noticed a water moccasin
  3031 | Sewer    | Killed a water moccasin
  3032 | Sewer    | Reached skill level 3 in Spellcasting
  3032 | Sewer    | Reached skill level 4 in Conjurations
  3032 | Sewer    | Reached skill level 5 in Fire Magic
  3034 | Sewer    | HP: 6/28 [poisoned by a water moccasin]
  3039 | Sewer    | HP: 2/28 [poisoned by a water moccasin]
  3218 | D:3      | Reached XP level 6. HP: 32/32 MP: 7/12
  3565 | D:3      | You add the spells Gell's Gravitas, Teleport Other and
                  | Dispersal to your library.
  4103 | D:4      | Reached skill level 5 in Conjurations
  4151 | D:4      | Learned a level 3 spell: Volatile Blastmotes
  4198 | D:4      | Found a sparkling altar of Nemelex Xobeh.
  4209 | D:4      | Reached skill level 4 in Spellcasting
  4240 | D:4      | You pick up a book of Callings and begin reading...
  4240 | D:4      | You add the spells Summon Small Mammal, Call Canine
                  | Familiar and Summon Guardian Golem to your library.
  4421 | D:4      | Found Koxewiob's Firing Range.
  4537 | D:4      | Found Zihet's Armour Emporium.
  4611 | D:4      | HP: 8/32 [adder (1)]
  4613 | D:4      | Gained mutation: Your magical flight helps you evade
                  | attacks. (EV +4) [Tengu growth]
  4613 | D:4      | Reached XP level 7. HP: 5/36 MP: 4/15
  4614 | D:4      | HP: 3/36 [poisoned by an adder]
  4699 | D:4      | Found a staircase to the Ecumenical Temple.
  4856 | Temple   | Entered the Ecumenical Temple
  4898 | Temple   | Became a worshipper of Ashenzari the Shackled
  5111 | D:5      | Entered Level 5 of the Dungeon
  5142 | D:5      | Reached skill level 5 in Spellcasting
  5159 | D:5      | Reached skill level 1 in Fighting
  5244 | D:5      | You pick up a book of Scorching and begin reading...
  5267 | D:5      | Found a snail-covered altar of Cheibriados.
  5275 | D:5      | Reached skill level 2 in Fighting
  5328 | D:5      | Reached skill level 3 in Fighting
  5628 | D:5      | Reached skill level 4 in Fighting
  5737 | D:5      | You pick up a book of Frost and begin reading...
  5737 | D:5      | You add the spells Freeze, Frozen Ramparts and Hailstorm to
                  | your library.
  5786 | D:5      | Found a burning altar of Makhleb.
  5789 | D:5      | Found a glowing golden altar of the Shining One.
  5793 | D:5      | Found a blossoming altar of Fedhas.
  5793 | D:5      | Found a bloodstained altar of Trog.
  5793 | D:5      | Found a hide-covered altar of Uskayaw.
  5795 | D:5      | Found a white marble altar of Elyvilon.
  6149 | D:6      | Reached XP level 8. HP: 48/48 MP: 7/16
  6156 | D:6      | Reached skill level 1 in Hexes
  6343 | D:6      | Identified the scarf "Loluuc" {repulsion, rElec Int+3 Dex-2
                  | Slay+3}
  6364 | D:6      | Reached skill level 5 in Fighting
  6488 | D:6      | Reached skill level 2 in Hexes
  6758 | D:6      | Reached skill level 3 in Hexes
  6770 | D:6      | Found a shimmering blue altar of Sif Muna.
  7023 | D:6      | Reached skill level 4 in Hexes
  7242 | D:7      | Reached skill level 6 in Fire Magic
  7246 | D:7      | Reached XP level 9. HP: 51/54 MP: 8/17
  7254 | D:7      | Reached skill level 7 in Fire Magic
  7393 | D:7      | HP: 10/54 [orc/+0 trident (6)]
  7397 | D:7      | HP: 3/54 [orc/+0 trident (7)]
  7592 | D:7      | Learned a level 4 spell: Flame Wave
  7621 | D:7      | Found Diefelaj's Distillery.
  7655 | D:7      | Reached skill level 8 in Fire Magic
  7674 | D:7      | +0 steam dragon scales; a +0 eveningstar {rare}; a steam
                  | dragon corpse
  7748 | D:7      | Found Rityfaci's Assorted Antiques.
  7753 | D:7      | Bought a crooked glowing staff for 336 gold pieces
  7792 | D:7      | Noticed Menkaure
  7806 | D:7      | HP: 10/54 [Menkaure (9)]
  7808 | D:7      | Killed Menkaure
  7984 | D:7      | Found a transporter.
  7984 | D:7      | Found Yhousil's Antique Armour Shoppe.
  8077 | D:7      | Found a transporter.
  8105 | D:7      | +0 steam dragon scales; a +0 eveningstar {rare}
  8189 | D:7      | Reached skill level 9 in Fire Magic
  8358 | D:7      | Found Keviett's Book Shoppe.
  8589 | D:7      | Found Heretada's Armour Shoppe.
  8819 | D:8      | Reached skill level 10 in Fire Magic
  9253 | D:8      | Reached skill level 11 in Fire Magic
  9969 | D:9      | Noticed a troll
  9981 | D:9      | Killed a troll
  9982 | D:9      | Reached XP level 10. HP: 25/59 MP: 3/18
 10134 | D:9      | You are sucked into a shaft and drop 1 floor!
 10134 | D:10     | Entered Level 10 of the Dungeon
 10393 | D:10     | Reached skill level 12 in Fire Magic
 10431 | D:10     | HP: 14/59 [wraith (7)]
 10436 | D:10     | HP: 3/59 [wraith (5)]
 10441 | D:10     | HP: 11/59 [wraith (9)]
 10443 | D:10     | Mangled by a wraith

Vanquished Creatures
  A troll (D:9)
  A yak (D:10)
  2 steam dragons
  Menkaure (D:7)
  4 water moccasins
  3 orc warriors
  2 ice beasts
  A black bear (D:6)
  A sky beast (D:7)
  An ogre (D:7)
  A phantom (D:7)
  A kobold brigand (D:9)
  3 bullfrogs
  3 scorpions
  A gnoll sergeant (D:7)
  3 wights (D:8)
  8 killer bees (D:10)
  2 howler monkeys (D:8)
  3 hounds
  A jelly (D:5)
  3 gnoll boudas
  2 orc priests
  2 iguanas
  5 orc wizards
  2 sleepcaps
  19 gnolls
  11 adders
  A shadow imp (D:6)
  2 white imps
  2 ufetubi
  3 worms
  3 dart slugs
  32 orcs
  11 endoplasms
  7 giant cockroaches
  10 goblins
  5 hobgoblins
  5 jackals
  5 quokkas
  3 training dummies (D:4)
  4 ball pythons
  4 bats
  7 frilled lizards
  18 kobolds
  8 rats
  A butterfly (D:4)
218 creatures vanquished.

Vanquished Creatures (collateral kills)
  A black bear (D:6)
  An orc (D:4)
2 creatures vanquished.

Vanquished Creatures (others)
  A water moccasin (D:6)
  612 foxfires
613 creatures vanquished.

Grand Total: 833 creatures vanquished

Table legend:
 A = Non-vault XP
 B = Vault XP
 C = Vault XP percentage of total XP
 D = Non-vault monster count
 E = Vault monster count
 F = Vault count percentage of total count
                 A         B        C        D         E       F
            +---------+---------+-------+---------+---------+-------
      Total |    4723 |    1196 |  20.2 |     181 |      39 |  17.7
            +---------+---------+-------+---------+---------+-------
        D:1 |      37 |      14 |  27.5 |      24 |       5 |  17.2
        D:2 |      44 |      43 |  49.4 |      14 |       9 |  39.1
        D:3 |     125 |      10 |   7.4 |      28 |       5 |  15.2
        D:4 |     209 |       6 |   2.8 |      23 |       3 |  11.5
        D:5 |     493 |       0 |   0.0 |      13 |       0 |   0.0
        D:6 |     994 |       0 |   0.0 |      21 |       0 |   0.0
        D:7 |    1480 |     183 |  11.0 |      31 |       2 |   6.1
        D:8 |     770 |      81 |   9.5 |      13 |       4 |  23.5
        D:9 |     571 |       0 |   0.0 |      14 |       0 |   0.0
       D:10 |       0 |     706 | 100.0 |       0 |       9 | 100.0
      Sewer |       0 |     153 | 100.0 |       0 |       2 | 100.0
            +---------+---------+-------+---------+---------+-------

Skill      XL: |  1  2  3  4  5  6  7  8  9 10 |
---------------+-------------------------------+-----
Conjurations   | 2 3 4 5 |  5.0
Fire Magic     | 4 5 6 11 12 | 12.2
Spellcasting   | 3 4 5 |  5.0
Fighting       | 4 5 |  5.0
Hexes          | 4 |  4.0
Dodging        | |  2.1
Stealth        | |  2.0

Action                     |  1- 3 |  4- 6 |  7- 9 | 10-12 || total
---------------------------+-------+-------+-------+-------++-------
  Melee: Spear             |     1 |     5 |    22 |    16 ||    44
         Kick              |       |     1 |     5 |    10 ||    16
         Peck              |       |       |     2 |     4 ||     6
   Cast: Foxfire           |    76 |   131 |   149 |     9 ||   365
         Scorch            |     6 |    10 |    74 |     9 ||    99
         Inner Flame       |       |       |     5 |     1 ||     6
         Volatile Blastmot |       |       |     7 |     1 ||     8
         Flame Wave        |       |       |     2 |     3 ||     5
 Invoke: Curse Item        |       |       |     1 |       ||     1
  Evoke: Wand              |       |       |     2 |       ||     2
    Use: Scroll            |       |    12 |     7 |       ||    19
         Potion            |       |       |     4 |     1 ||     5
 Armour: Robe              |     7 |    15 |    25 |       ||    47
         Steam dragon scal |       |       |    69 |    29 ||    98
  Dodge: Dodged            |     8 |    25 |   195 |    36 ||   264

Illustrated notes

Table legend:
 A = Kills in this place as a percentage of kills in the entire game.
 B = Kills by you in this place as a percentage of kills by you in the entire game.
 C = Kills by friends in this place as a percentage of kills by friends in the entire game.
 D = Other kills in this place as a percentage of other kills in the entire game.
 E = Experience gained in this place as a percentage of experience gained in the entire game.
 F = Experience gained in this place divided by the number of levels of this place that you have seen.
                   A       B       C       D       E      F
               +-------+-------+-------+-------+-------+----------------------
         Total | 100.0 | 100.0 | 100.0 | 100.0 | 100.0 | 493.2
       Dungeon |  99.1 |  99.1 | 100.0 | 100.0 |  97.4 | 576.6
         Sewer |   0.9 |   0.9 |   0.0 |   0.0 |   2.6 | 153.0
               +-------+-------+-------+-------+-------+----------------------

Table legend: (Time is in decaauts)
 A = Elapsed time spent in this place.
 B = Non-inter-level travel time spent in this place.
 C = Inter-level travel time spent in this place.
 D = Time resting spent in this place.
 E = Time spent auto-exploring this place.
 F = Levels seen in this place.
 G = Mean time per level.
                   A        B        C        D        E       F      G
               +--------+--------+--------+--------+--------+-----+--------+
         Total |  10479 |  10094 |    385 |    638 |   7855 |  12 |  873.2 |
       Dungeon |  10108 |   9801 |    307 |    617 |   7666 |  10 | 1010.8 |
        Temple |     83 |      6 |     77 |      0 |      0 |   1 |   83.0 |
         Sewer |    286 |    286 |      0 |     21 |    189 |   1 |  286.0 |
               +--------+--------+--------+--------+--------+-----+--------+

Top non-repeatable levels by time:
     D:7: 1511 daAuts
     D:1: 1450 daAuts
     D:2: 1347 daAuts
     D:6: 1319 daAuts
     D:8: 1128 daAuts
     D:4: 1049 daAuts
     D:3: 910 daAuts
     D:5: 879 daAuts
    D:10: 308 daAuts
   Sewer: 286 daAuts
     D:9: 202 daAuts
  Temple: 83 daAuts
